 Dungeon Crawl Stone Soup version 0.26-a0-651-gb41185065b (webtiles) character file.

Game seed: 11814240627913386626

200654 Mesmaeker13 the Devastator (level 17, 0/96 HPs)
             Began as a Deep Elf Air Elementalist on Oct 17, 2020.
             Was the Champion of Elyvilon.
             Blown up by an orb spider (38 damage)
             ... with an orb of destruction
             ... on level 4 of the Spider Nest on Oct 18, 2020.
             The game lasted 01:49:54 (56227 turns).

Mesmaeker13 the Devastator (DEAE)                  Turns: 56227, Time: 01:49:55

Health: 0/96       AC: 12    Str:  7    XL:     17   Next: 88%
Magic:  22/37      EV: 21    Int: 32    God:    Elyvilon [******]
Gold:   3125       SH:  9    Dex: 15    Spells: 21/44 levels left

rFire    + . .     SeeInvis +   D - staff of air
rCold    + + .     Faith    .   s - +2 buckler
rNeg     + . .     Spirit   .   J - +2 robe {rC+}
rPois    +         Reflect  .   I - +2 helmet of Wemelux {+Blink}
rElec    +         Harm     .   o - +1 cloak {rPois}
rCorr    .         Rampage  .   f - +1 pair of gloves
MR       +....                  q - +0 pair of boots
Stlth    ++........             i - amulet of magic regeneration
HPRegen  0.26/turn              R - ring "Samaemp" {rElec rF+ rC+ rN+ Int+6}
MPRegen  0.50/turn              O - ring of see invisible

@: no status effects
A: no striking features
}: 1/15 runes: decaying
a: Lesser Healing, Heal Other, Purification, Greater Healing, Divine Vigour,
Divine Protection, Renounce Religion, Evoke Blink


You were on level 4 of the Spider Nest.
You worshipped Elyvilon.
Elyvilon was exalted by your worship.
You visited 6 branches of the dungeon, and saw 32 of its levels.

You collected 3971 gold pieces.
You spent 846 gold pieces at shops.

Inventory:

Hand Weapons
 l - the +8 whip "Snakebite" {curare, rPois}
   (You found it on level 1 of the Lair of Beasts)

   It poisons the flesh of those it strikes.
   It protects you from poison.
Missiles
 c - 7 curare-tipped darts (quivered)
Armour
 f - a +1 pair of gloves (worn)
 o - a +1 cloak of poison resistance (worn)
 q - a +0 pair of boots (worn)
 s - a +2 buckler (worn)
 I - the +2 helmet of Wemelux (worn) {+Blink}
   (You found it on level 6 of the Lair of Beasts)

   It lets you blink.
 J - a +2 robe of cold resistance (worn)
Magical Staves
 D - an uncursed staff of air (weapon)
Jewellery
 e - an uncursed amulet of reflection
 i - an amulet of magic regeneration (around neck)
 y - an uncursed ring of protection from magic
 N - the ring of the Komtur {rElec rF+ Slay-3 Stlth+}
   (You found it on level 2 of the Swamp)

   [ring of stealth]

   It affects your accuracy and damage with ranged weapons and melee attacks
   (-3).
   It protects you from fire.
   It insulates you from electricity.
   It makes you more stealthy.
 O - a ring of see invisible (right hand)
 R - the ring "Samaemp" (left hand) {rElec rF+ rC+ rN+ Int+6}
   (You acquired it on level 5 of the Lair of Beasts)

   [ring of intelligence]

   It affects your intelligence (+6).
   It protects you from fire.
   It protects you from cold.
   It insulates you from electricity.
   It protects you from negative energy.
Wands
 C - a wand of acid (22)
 M - a wand of digging (3)
Scrolls
 b - 13 scrolls of remove curse
 g - a scroll of summoning {unknown}
 h - a scroll of holy word
 k - a scroll of blinking
 n - 2 scrolls of enchant weapon {unknown}
 p - a scroll of silence
 r - 10 scrolls of magic mapping
 t - 2 scrolls of fog {unknown}
 v - 6 scrolls of teleportation
 B - a scroll of noise {unknown}
 E - 2 scrolls of enchant armour
 K - 2 scrolls of vulnerability {unknown}
Potions
 a - 10 potions of curing
 d - 5 potions of lignification
 j - 3 potions of brilliance
 u - 4 potions of resistance
 w - a potion of ambrosia
 x - 4 potions of magic {unknown}
 z - 5 potions of flight
 A - 5 potions of might
 F - 2 potions of mutation {unknown}
 G - 3 potions of heal wounds
 H - 3 potions of degeneration {unknown}
 P - 2 potions of haste {unknown}
 S - 3 potions of cancellation


   Skills:
 - Level 7.4 Fighting
 - Level 12.6 Dodging
 - Level 2.4 Stealth
 + Level 10.1 Shields
 - Level 14.3 Spellcasting
 + Level 17.6 Conjurations
 + Level 16.5 Air Magic
 - Level 5.0 Poison Magic
 + Level 9.3 Invocations


You had 21 spell levels left.
You knew the following spells:

 Your Spells              Type           Power        Failure   Level
b - Static Discharge      Conj/Air       ########     0%          3
c - Mephitic Cloud        Conj/Pois/Air  ########     1%          3
d - Lightning Bolt        Conj/Air       ########..   1%          5
e - Swiftness             Air            ########     0%          2
f - Airstrike             Air            ########..   1%          4
g - Conjure Ball Lightni  Conj/Air       ########..   1%          6

Your spell library contained the following spells:

 Spells                   Type           Power        Failure   Level
 Magic Dart               Conj           ####         0%          1
 Shock                    Conj/Air       ####         0%          1
 Corona                   Hex            ###....      1%          1
 Summon Small Mammal      Summ           ###.         1%          1
 Conjure Flame            Conj/Fire      ######..     1%          3
 Dazzling Flash           Conj/Hex       ######       1%          3
 Fireball                 Conj/Fire      ######....   1%          5
 Irradiate                Conj/Tmut      ######....   1%          5
 Blink                    Tloc           N/A          3%          2
 Call Imp                 Summ           ###.....     3%          2
 Ensorcelled Hibernation  Hex/Ice        ###...       3%          2
 Slow                     Hex            ###.....     3%          2
 Sublimation of Blood     Necr           ###.......   3%          2
 Ignite Poison            Fire/Tmut/Pois ####....     3%          3
 Bolt of Magma            Conj/Fire/Erth ######....   4%          5
 Confusing Touch          Hex            ###.....     6%          3
 Gell's Gravitas          Tloc           ###.......   6%          3
 Inner Flame              Hex/Fire       ###.....     6%          3
 Portal Projectile        Hex/Tloc       ###...       6%          3
 Tukima's Dance           Hex            ###.....     6%          3
 Starburst                Conj/Fire      ######....   9%          6
 Cause Fear               Hex            ###.......   19%         4
 Leda's Liquefaction      Hex/Erth       ###.......   19%         4
 Petrify                  Tmut/Erth      ###.....     19%         4
 Alistair's Intoxication  Tmut/Pois      #####....    19%         5
 Metabolic Englaciation   Hex/Ice        ###.......   47%         5
 Summon Mana Viper        Hex/Summ       ###.....     47%         5
 Yara's Violent Unravell  Hex/Tmut       ###.......   47%         5
 Eringya's Noxious Bog    Tmut/Pois      #####.....   71%         6
 Ignition                 Fire           ###.......   100%        8


Dungeon Overview and Level Annotations

Branches:
Dungeon (15/15)            Temple (1/1) D:4            Lair (6/6) D:11
  Swamp (4/4) Lair:2       Spider (4/4) Lair:2        Slime (0/5) Lair:6
    Orc (2/2) D:12            Elf (0/3) Orc:2        Vaults (0/5) D:14
 Depths (0/5) D:15

Altars:
Ashenzari
Cheibriados
Dithmenos
Elyvilon
Fedhas
Hepliaklqana
Kikubaaqudgha
Makhleb
Nemelex Xobeh
Okawaru
Qazlal
Ru
Trog
Uskayaw
Vehumet
Wu Jian
Xom
Yredelemnul
The Shining One
Beogh
Jiyva

Shops:
D:4 =   D:7 =[   D:8 }   D:10 [   D:14 [}   Orc:1 *   Orc:2 !}![

Portals:
Trove: D:10 (give 9 potions of haste)

Annotations:
Swamp:4 6 exclusions


Message History

The orb spider weaves a glowing orb of energy.
An orb of destruction comes into view.
Unknown command.
You feel better.
Your ball lightning explodes!
The blast of lightning engulfs your ball lightning.
Your ball lightning completely resists.
The blast of lightning engulfs you! You resist.
The blast of lightning engulfs the orb spider!!!
You kill the orb spider!
The blast of lightning engulfs your ball lightning.
Your ball lightning completely resists.
The blast of lightning engulfs the orb spider!!
You kill the orb spider!
The blast of lightning engulfs the jumping spider!!
The jumping spider is severely wounded.
The blast of lightning engulfs the orb spider!!!
You kill the orb spider!
The jumping spider leaps!
The orb of destruction hits you!!!
You die...

#### ###^.## #.....#
#######.....##
##..##.#....@.##
###^.^......*○†..#
##.#........*.○...##
##..#..........†....#
#............s..○.s.#
............°.......#
..^............s^..##
......^............#
^........†#..°......#


You could see an orb spider (charged), 2 jumping spiders and 2 friendly ball
lightnings.

Vanquished Creatures
  Rupert (Lair:4)
  A ghost moth (Spider:3)
  Aizul (Spider:3)
  2 emperor scorpions
  Nessos (Lair:5)
  9 vault guards
  Erolcha (Orc:2)
  A ghost crab (Swamp:2)
  An ice dragon (Swamp:4)
  4 centaur warriors
  27 hydras
  5 shambling mangroves
  3 catoblepae (Lair:6)
  21 alligators
  9 two-headed ogres
  3 ogre magi
  A tengu warrior (D:15)
  14 death yaks
  Urug (D:11)
  Nergalle (Orc:2)
  Sonja (Orc:1)
  2 skeletal warriors (D:15)
  5 unseen horrors
  2 spriggan druids
  10 swamp dragons
  A phantasmal warrior (D:15)
  A necromancer (D:15)
  A wizard (D:15)
  2 orc knights
  9 orc sorcerers
  12 wolf spiders
  The ghost of Nebesus the Envoy of Void, a novice DsAK of Lugonu (D:8)
  15 orb spiders
  2 manticores (Lair:6)
  A stone giant zombie (D:15)
  7 ugly things
  A deep elf mage (D:14)
  4 centaur zombies
  10 elephants
  3 black mambas
  2 torpor snails
  24 cane toads
  2 gargoyles
  13 demonic crawlers
  12 komodo dragons
  A rime drake (Lair:2)
  A tengu conjurer (D:15)
  A kobold demonologist (D:13)
  10 trolls
  32 jumping spiders
  A jumping spider (shapeshifter) (D:14)
  A polar bear (Lair:5)
  23 hornets
  Prince Ribbit (D:9)
  16 tyrant leeches
  17 slime creatures
  8 bog bodies
  5 dream sheep (Lair:5)
  10 blink frogs
  A fire dragon zombie (D:15)
  8 hippogriffs
  Sigmund (D:2)
  A deep troll skeleton (D:15)
  An ettin skeleton (D:15)
  3 shadows
  A centaur simulacrum (D:15)
  4 spriggans
  5 water elementals (D:15)
  3 wyverns
  A vampire (D:15)
  42 redbacks
  4 wraiths
  45 yaks
  28 tarantellas
  24 vampire mosquitoes
  A warg (Orc:1)
  Menkaure (D:5)
  A soldier ant (D:11)
  16 swamp worms
  3 acid dragons
  11 insubstantial wisps (Swamp:2)
  17 water moccasins
  15 porcupines
  A floating eye (shapeshifter) (D:10)
  23 orc warriors
  10 swamp drakes
  An ice beast (D:13)
  3 black bears
  2 necrophages
  18 ogres
  7 wolves
  2 phantoms
  13 centaurs
  18 crocodiles
  3 big kobolds
  16 bullfrogs
  A spectral water moccasin (D:8)
  A gnoll sergeant (D:5)
  5 scorpions
  2 jellies
  4 killer bees (D:10)
  18 wights
  8 electric eels
  A bullfrog zombie (D:5)
  5 hounds
  15 orc priests
  Crazy Yiuf (D:6)
  A centaur skeleton (D:8)
  42 orc wizards
  2 bullfrog skeletons
  Jessica (D:2)
  10 iguanas
  10 worker ants
  A killer bee zombie (D:10)
  2 hound skeletons
  A howler monkey skeleton (D:4)
  3 gnolls (D:5)
  9 adders
  3 shadow imps
  A white imp (D:4)
  2 ufetubi (D:5)
  2 oozes
  An adder zombie (D:7)
  5 worms
  4 dart slugs
  3 leopard geckos
  104 orcs
  9 giant cockroaches
  21 goblins
  9 hobgoblins
  15 jackals
  5 quokkas
  2 ball pythons
  7 bats
  3 frilled lizards (D:3)
  A jackal skeleton (D:4)
  18 kobolds
  A quokka zombie (D:6)
  5 rats
  3 bushes (D:15)
1098 creatures vanquished.

Vanquished Creatures (collateral kills)
  8 ball lightnings
8 creatures vanquished.

Vanquished Creatures (others)
  325 ball lightnings
  A jumping spider (Spider:1)
  4 bushes (D:15)
  67 fungi
  96 plants
  8 withered plants (D:15)
501 creatures vanquished.

Grand Total: 1607 creatures vanquished

Notes
Turn   | Place    | Note
-------+----------+-------------------------------------------
     0 | D:1      | Mesmaeker13 the Deep Elf Air Elementalist began the quest
                  | for the Orb.
     0 | D:1      | Reached XP level 1. HP: 10/10 MP: 6/6
   297 | D:1      | Reached XP level 2. HP: 15/15 MP: 4/8
  1099 | D:2      | Reached skill level 2 in Conjurations
  1099 | D:2      | Reached XP level 3. HP: 19/19 MP: 3/10
  1104 | D:2      | Learned a level 3 spell: Static Discharge
  1196 | D:2      | Noticed Jessica
  1204 | D:2      | Killed Jessica
  1456 | D:2      | Reached XP level 4. HP: 24/24 MP: 9/11
  2141 | D:2      | Noticed Sigmund
  2476 | D:3      | Found a radiant altar of Vehumet.
  2872 | D:3      | Found a shimmering altar of Xom.
  2872 | D:3      | Found a shimmering altar of Xom.
  2873 | D:3      | Found a shimmering altar of Xom.
  2873 | D:3      | Found a shimmering altar of Xom.
  2876 | D:3      | Found a shimmering altar of Xom.
  2876 | D:3      | Found a shimmering altar of Xom.
  3031 | D:3      | Reached XP level 5. HP: 28/28 MP: 5/13
  3490 | D:4      | Learned a level 3 spell: Mephitic Cloud
  3537 | D:4      | Found a staircase to the Ecumenical Temple.
  3539 | D:4      | Identified the Incunabulum of Supportive Confrontation
  3547 | Temple   | Entered the Ecumenical Temple
  3603 | Temple   | Became a worshipper of Elyvilon the Healer
  4044 | D:4      | Noticed an ogre
  4059 | D:4      | Killed an ogre
  4059 | D:4      | Reached skill level 3 in Conjurations
  4059 | D:4      | Reached skill level 1 in Poison Magic
  4201 | D:4      | Reached XP level 6. HP: 32/32 MP: 8/15
  4285 | D:4      | Reached skill level 5 in Spellcasting
  4737 | D:4      | Found a blossoming altar of Fedhas.
  4742 | D:4      | Reached * piety under Elyvilon
  4938 | D:4      | Found Uguetuetz's Jewellery Shop.
  4998 | D:4      | Reached XP level 7. HP: 36/36 MP: 14/17
  5178 | D:4      | Reached skill level 5 in Dodging
  5178 | D:4      | Reached skill level 4 in Conjurations
  5346 | D:4      | Found an iron altar of Okawaru.
  5556 | D:2      | Killed Sigmund
  5556 | D:2      | Reached skill level 5 in Air Magic
  5757 | D:5      | Entered Level 5 of the Dungeon
  5834 | D:5      | Learned a level 5 spell: Lightning Bolt
  6028 | D:5      | Reached XP level 8. HP: 41/41 MP: 15/19
  6405 | D:5      | Reached ** piety under Elyvilon
  6995 | D:6      | Reached skill level 5 in Conjurations
  6999 | D:6      | Got a slimy scale mail
  7940 | D:6      | Reached *** piety under Elyvilon
  8222 | D:6      | Found a runed translucent door.
  8223 | D:6      | Noticed Crazy Yiuf
  8265 | D:6      | Killed Crazy Yiuf
  8367 | D:6      | Identified the +2 scale mail of Ydojok {rElec} (You found
                  | it on level 6 of the Dungeon)
  8712 | D:7      | Reached skill level 5 in Poison Magic
  8986 | D:7      | Reached skill level 6 in Conjurations
  9203 | D:7      | Reached XP level 9. HP: 44/45 MP: 16/20
  9451 | D:7      | Found Fotwazox's Jewellery Emporium.
  9477 | D:7      | Found Binopp's Armour Shop.
  9485 | D:7      | Bought a +2 robe of cold resistance for 230 gold pieces
  9861 | D:8      | Found a broken altar of Ashenzari.
  9862 | D:8      | Found a hazy altar of Hepliaklqana.
  9905 | D:8      | Reached **** piety under Elyvilon
  9926 | D:8      | Found Bes Nein's Gadget Boutique.
 10231 | D:8      | Found a transporter.
 10233 | D:8      | Noticed Nebesus's ghost (novice DsAK)
 10563 | D:8      | Found the +0 sword of Power
 10566 | D:8      | Found a transporter.
 10761 | D:8      | Learned a level 2 spell: Swiftness
 11009 | D:9      | Reached skill level 7 in Conjurations
 11071 | D:9      | Found a burning altar of Makhleb.
 11226 | D:9      | Got an encrusted ring mail
 11227 | D:9      | Identified the +0 ring mail of Pessimism {rN+ Str+5} (You
                  | found it on level 9 of the Dungeon)
 11243 | D:9      | Noticed Prince Ribbit
 11259 | D:9      | Killed Prince Ribbit
 11369 | D:9      | Noticed a troll
 11551 | D:9      | Reached skill level 8 in Conjurations
 11566 | D:9      | Noticed a two-headed ogre
 11570 | D:9      | Killed a two-headed ogre
 11570 | D:9      | Reached XP level 10. HP: 50/50 MP: 12/21
 11874 | D:9      | Noticed a two-headed ogre
 11890 | D:9      | Killed a two-headed ogre
 11890 | D:9      | Reached skill level 10 in Dodging
 12470 | D:9      | Reached ***** piety under Elyvilon
 12513 | D:9      | Reached skill level 9 in Conjurations
 12602 | D:10     | Entered Level 10 of the Dungeon
 12626 | D:10     | Found Zosoothrer's Armour Shop.
 12629 | D:10     | Bought a +2 buckler for 231 gold pieces
 12660 | D:10     | Reached skill level 1 in Shields
 13107 | D:10     | Paralysed by a floating eye for 3 turns
 13352 | D:10     | Noticed a vault guard
 13357 | D:10     | Killed a vault guard
 13499 | D:10     | Found a portal to a secret trove of treasure.
 13661 | D:10     | Learned a level 4 spell: Airstrike
 13886 | D:10     | Reached skill level 10 in Conjurations
 13986 | D:10     | Reached XP level 11. HP: 54/54 MP: 16/22
 14432 | D:11     | Found a staircase to the Lair.
 14509 | D:11     | Noticed Urug
 14526 | D:11     | Killed Urug
 14843 | D:7      | Bought an uncursed ring of see invisible for 210 gold
                  | pieces
 14976 | D:5      | Noticed Menkaure
 14981 | D:5      | Killed Menkaure
 14981 | D:5      | Reached skill level 10 in Air Magic
 15301 | D:8      | Killed Nebesus's ghost
 15493 | D:11     | Noticed an unseen horror
 15496 | D:11     | Killed an unseen horror
 15625 | D:11     | Noticed a two-headed ogre
 15650 | D:11     | Killed a two-headed ogre
 15650 | D:11     | Reached skill level 11 in Conjurations
 16420 | D:11     | Reached skill level 1 in Fighting
 17019 | D:11     | Noticed an unseen horror
 17026 | D:11     | Killed an unseen horror
 17509 | Lair:1   | Entered Level 1 of the Lair of Beasts
 17513 | Lair:1   | Noticed a four-headed hydra
 17518 | Lair:1   | Killed a four-headed hydra
 17789 | Lair:1   | Reached ****** piety under Elyvilon
 18271 | Lair:1   | Reached XP level 12. HP: 64/64 MP: 1/25
 19093 | Lair:1   | Identified a scroll of acquirement
 19097 | Lair:1   | Acquired 758 gold pieces
 19196 | Lair:1   | Learned a level 6 spell: Conjure Ball Lightning
 19487 | Lair:1   | Reached skill level 12 in Conjurations
 19578 | Lair:1   | Found the +8 whip "Snakebite" {curare, rPois}
 20431 | Lair:2   | Got a faintly humming leather armour
 20453 | Lair:2   | Identified the cursed +0 leather armour of Agoraphobia
                  | {+Blink +Fly rF+ Str-4} (You found it on level 2 of the
                  | Lair of Beasts)
 21392 | Lair:2   | Found a staircase to the Swamp.
 21404 | Lair:2   | Found a hole to the Spider Nest.
 21404 | Lair:2   | Noticed a six-headed hydra
 21417 | Lair:2   | Killed a six-headed hydra
 21893 | Lair:3   | Reached skill level 10 in Spellcasting
 22054 | Lair:3   | Noticed a five-headed hydra
 22065 | Lair:3   | Killed a five-headed hydra
 22906 | Lair:3   | Got a slimy ring mail
 23006 | Lair:4   | Noticed a six-headed hydra
 23154 | Lair:4   | Reached skill level 5 in Fighting
 23556 | Lair:4   | Killed a six-headed hydra
 23556 | Lair:4   | Reached XP level 13. HP: 60/72 MP: 0/29
 23820 | Lair:4   | Noticed Rupert
 23835 | Lair:4   | Killed Rupert
 24674 | Lair:5   | Reached skill level 13 in Conjurations
 24815 | Lair:5   | Noticed Nessos
 24888 | Lair:5   | Killed Nessos
 26401 | Lair:5   | Acquired the ring "Samaemp" {rElec rF+ rC+ rN+ Int+6}
 26427 | Lair:6   | Entered Level 6 of the Lair of Beasts
 26618 | Lair:6   | Found a bloodstained altar of Trog.
 27218 | Lair:6   | Reached XP level 14. HP: 71/82 MP: 21/32
 27531 | Lair:6   | Found a viscous altar of Jiyva.
 27532 | Lair:6   | Found a staircase to the Slime Pits.
 27535 | Lair:6   | Reached skill level 14 in Conjurations
 28950 | Lair:6   | Got a steaming helmet
 29631 | Lair:1   | Identified the +2 helmet of Wemelux {+Blink} (You found it
                  | on level 6 of the Lair of Beasts)
 30239 | D:12     | Found a staircase to the Orcish Mines.
 30748 | Orc:1    | Entered Level 1 of the Orcish Mines
 31376 | Orc:1    | Noticed Sonja
 31600 | Orc:1    | Killed Sonja
 31817 | Orc:1    | Found Vutuk's Assorted Antiques.
 32334 | Orc:2    | Entered Level 2 of the Orcish Mines
 32967 | Orc:2    | Found Damuunig's Distillery.
 32984 | Orc:2    | Found a staircase to the Elven Halls.
 33037 | Orc:2    | Reached skill level 5 in Shields
 33548 | Orc:2    | Found Qaotokli's Antique Armour Shop.
 33599 | Orc:2    | Found Qier's Gadget Boutique.
 33800 | Orc:2    | Found a radiant altar of Vehumet.
 33800 | Orc:2    | Noticed Erolcha
 33809 | Orc:2    | Killed Erolcha
 33973 | Orc:2    | Noticed Nergalle
 33989 | Orc:2    | Killed Nergalle
 34165 | Orc:2    | Found a roughly hewn altar of Beogh.
 34165 | Orc:2    | Found Coudghure's Distillery.
 34166 | Orc:2    | Found Nakhiteu's Magic Scroll Shop.
 34201 | Orc:2    | Found an ancient bone altar of Kikubaaqudgha.
 34582 | D:13     | Reached XP level 15. HP: 51/86 MP: 4/34
 36027 | D:14     | Found Tidiy's Armour Shop.
 36293 | D:14     | Reached skill level 15 in Conjurations
 36972 | D:14     | Found Fuizer's Gadget Boutique.
 37168 | D:14     | Found a broken altar of Ashenzari.
 37494 | D:14     | Found a gate to the Vaults.
 37552 | D:15     | Entered Level 15 of the Dungeon
 38720 | D:15     | Found a staircase to the Depths.
 39742 | Swamp:1  | Entered Level 1 of the Swamp
 40147 | Swamp:1  | Reached skill level 1 in Invocations
 40644 | Lair:2   | Reached XP level 16. HP: 91/92 MP: 4/36
 41795 | Swamp:1  | Reached skill level 15 in Air Magic
 42704 | Swamp:2  | Reached skill level 16 in Conjurations
 44133 | Swamp:2  | Found a transporter.
 44207 | Swamp:2  | You fall into a shaft and drop 1 floor!
 44484 | Swamp:2  | Reached skill level 5 in Invocations
 44561 | Swamp:2  | Found a transporter.
 44904 | Swamp:2  | Got a transparent pewter ring
 44918 | Swamp:2  | Got a flickering platinum ring
 44944 | Swamp:2  | Identified the ring of the Komtur {rElec rF+ Slay-3 Stlth+}
                  | (You found it on level 2 of the Swamp)
 44946 | Swamp:2  | Identified the cursed ring of the Cast Vote {rN+ EV-4 Str+2
                  | Int-5 Slay+3} (You found it on level 2 of the Swamp)
 45966 | Swamp:4  | Entered Level 4 of the Swamp
 47007 | Swamp:4  | Reached XP level 17. HP: 85/96 MP: 9/37
 47138 | Swamp:4  | Got a decaying rune of Zot
 48522 | Orc:1    | Bought a scroll of identify for 70 gold pieces
 48522 | Orc:1    | Bought a scroll of teleportation for 105 gold pieces
 48768 | Spider:1 | Entered Level 1 of the Spider Nest
 48768 | Spider:1 | Found a frozen archway.
 49360 | Spider:1 | Reached skill level 17 in Conjurations
 54620 | Spider:4 | Entered Level 4 of the Spider Nest
 54972 | Spider:4 | Noticed Aizul
 54977 | Spider:3 | Killed Aizul
 54977 | Spider:3 | Reached skill level 10 in Shields
 56227 | Spider:4 | Blown up by an orb spider

Illustrated notes

Levels and vault maps discovered:
D:1:      roderic_crop_circles_arrival_large, layout_basic, dk_noncrumbling_4
D:2:      cheibrodos_greedy_goblins, layout_basic, kennysheep_jessica_study,
          uniq_sigmund
D:3:      layout_loops_ring, lemuel_round_altar, xom_redecorated
D:4:      layout_cave_pods, kennysheep_okawaru_gauntlet,
          minmay_temple_entry_trees, serial_shops, shop, fedhas_altar_1
D:5:      layout_cave_pods, uniq_menkaure
D:6:      layout_basic, uniq_crazy_yiuf_cottage
D:7:      layout_loops_ring, serial_shops, shop, shop, grunt_ogre_cave
D:8:      layout_loops_corners, chequers_temple_overflow_statue_of_worship,
          gammafunk_ghost_mausoleum, serial_shops, shop
D:9:      layout_basic, kennysheep_mini_moat, uniq_prince_ribbit1
D:10:     layout_basic, enter_bailey_3, serial_shops, kennysheep_mini,
          enter_trove_5
D:11:     layout_stronghold, lair_entry_dummy, uniq_urug
D:12:     layout_irregular_city, erik_orc_4
D:13:     layout_cave_pools
D:14:     layout_basic, erik_vaults_2, basic_altar, serial_park_tiny_1,
          serial_shops, nicolae_shop_behind_doors, nicolae_shop_window_shopping,
          serial_park_tiny_1
D:15:     gammafunk_depths_entry_grave, layout_basic, minivault_27,
          minmay_hedge_maze
Temple:   nicolae_temple_elliptical
Lair:1:   minmay_guarded_unrand_snakebite, layout_regular_city, st_stairs_6,
          nicolae_quartered_pool_super, beast_lair_carwin_1
Lair:2:   layout_gridlike, skrybe_swamp_entry_bodies,
          nicolae_spider_entry_non_spiders, beast_lair_carwin_9,
          infiniplex_staircase_pool
Lair:3:   layout_loops_ring
Lair:4:   layout_gridlike, uniq_rupert
Lair:5:   beast_lair_carwin_large_2, layout_cave_pods, uniq_nessos
Lair:6:   evilmike_catoblepas_cave, layout_cave_pods, slime_altar_1, basic_altar
Swamp:1:  layout_falls_marsh, evilmike_swamp_ruin_house_6
Swamp:2:  gammafunk_its_a_trap, layout_falls_marsh,
          evilmike_swamp_ruin_rubble_2, swamp_pool1
Swamp:3:  layout_basic_swamp, evilmike_swamp_ruin_house_1
Swamp:4:  swamp, layout_basic_swamp
Spider:1: layout_spider_delve, portal_ice_cave_entry_pillars_1
Spider:2: layout_chambers, portal_ice_cave_entry_pillars_four
Spider:3: layout_spider_delve
Spider:4: grunt_spider_rune_circles, drop_trap,
          hangedman_spider_tarantella_strand, uniq_aizul
Orc:1:    nicolae_orc_accident_3, layout_diamond_mine, serial_shops, shop,
          uniq_sonja
Orc:2:    kennysheep_orc_mage_school, layout_diamond_mine, serial_shops,
          nicolae_shop_behind_doors

Skill      XL: |  1  2  3  4  5  6  7  8  9 10 11 12 13 14 15 16 17 |
---------------+----------------------------------------------------+-----
Dodging        | 3 4 5 7 9 10 11 12 | 12.6
Conjurations   | 2 3 4 6 8 10 11 12 13 14 15 16 17 | 17.6
Spellcasting   | 4 5 6 7 10 12 13 14 | 14.3
Air Magic      | 4 5 6 8 9 11 12 13 14 15 16 | 16.5
Poison Magic   | 1 2 3 5 |  5.0
Shields        | 3 4 5 7 8 10 | 10.1
Fighting       | 2 5 7 |  7.4
Invocations    | 1 6 9 |  9.3
Stealth        | |  2.4

Action                   |  1- 3 |  4- 6 |  7- 9 | 10-12 | 13-15 | 16-18 || total
-------------------------+-------+-------+-------+-------+-------+-------++-------
Melee: Unarmed           |     1 |       |       |       |       |       ||     1
       Dagger            |       |     7 |       |       |       |       ||     7
       Short sword       |       |     3 |    12 |     6 |       |       ||    21
       Staff             |       |       |     1 |    21 |    16 |     5 ||    43
Throw: Dart              |       |    15 |    17 |     6 |     2 |     1 ||    41
       Throwing net      |       |       |     1 |     4 |       |       ||     5
 Cast: Shock             |    63 |   159 |   226 |   392 |   296 |       ||  1136
       Static Discharge  |     1 |     8 |    36 |   116 |   102 |   113 ||   376
       Lightning Bolt    |       |       |     9 |    67 |   183 |   142 ||   401
       Airstrike         |       |       |       |    20 |    75 |   157 ||   252
       Conjure Ball Ligh |       |       |       |     4 |    62 |    64 ||   130
       Mephitic Cloud    |       |       |       |       |     1 |       ||     1
Evoke: Wand              |       |       |    13 |    19 |    18 |    19 ||    69
  Use: Scroll            |       |     5 |     6 |    13 |    12 |    14 ||    50
       Potion            |       |       |       |     1 |     3 |    12 ||    16
 Stab: Paralysed         |       |       |       |    10 |       |       ||    10
Armor: Robe              |     7 |     3 |     7 |    13 |    45 |    80 ||   155
       Leather armour    |       |       |       |     4 |       |       ||     4
Dodge: Dodged            |     9 |    18 |    45 |   135 |   186 |   298 ||   691
Block: Other             |     7 |     4 |    11 |    10 |       |       ||    32
       Reflection        |       |       |     1 |     2 |     3 |       ||     6
       Buckler           |       |       |       |    71 |    91 |   115 ||   277

Table legend: (Time is in decaauts)
 A = Elapsed time spent in this place.
 B = Non-inter-level travel time spent in this place.
 C = Inter-level travel time spent in this place.
 D = Time resting spent in this place.
 E = Time spent auto-exploring this place.
 F = Levels seen in this place.
 G = Mean time per level.
                   A        B        C        D        E       F      G
               +--------+--------+--------+--------+--------+-----+--------+
         Total |  56569 |  53370 |   3199 |  22743 |  23443 |  32 | 1767.8 |
       Dungeon |  24995 |  23580 |   1415 |   8346 |  12070 |  15 | 1666.3 |
        Temple |     73 |     57 |     16 |      0 |     52 |   1 |   73.0 |
          Lair |  15478 |  14575 |    903 |   7106 |   5578 |   6 | 2579.7 |
         Swamp |   7395 |   6992 |    403 |   3226 |   2790 |   4 | 1848.8 |
   Spider Nest |   5761 |   5447 |    314 |   3155 |   1772 |   4 | 1440.2 |
  Orcish Mines |   2865 |   2718 |    147 |    910 |   1180 |   2 | 1432.5 |
               +--------+--------+--------+--------+--------+-----+--------+

Top non-repeatable levels by time:
  Lair:2: 4807 daAuts
    D:11: 2878 daAuts
  Lair:1: 2739 daAuts
    D:12: 2579 daAuts
  Lair:6: 2448 daAuts
Spider:2: 2348 daAuts
 Swamp:1: 2141 daAuts
 Swamp:4: 2107 daAuts
Spider:3: 2093 daAuts
  Lair:5: 2067 daAuts
     D:4: 2048 daAuts
 Swamp:2: 1962 daAuts
   Orc:2: 1923 daAuts
     D:9: 1914 daAuts
     D:6: 1913 daAuts
